 Dungeon Crawl Stone Soup version 0.21.1-1-g345015fe64 (webtiles) character file.

673 Kejsarherre the Chopper (level 7, 0/55 HPs)
             Began as a Formicid Chaos Knight on May 12, 2018.
             Killed by divine providence
             ... invoked by an orc priest
              (17 damage)
             ... on level 5 of the Dungeon.
             The game lasted 00:07:40 (3285 turns).

Kejsarherre the Chopper (Formicid Chaos Knight)     Turns: 3285, Time: 00:07:41

Health: 0/55       AC: 10    Str: 16    XL:     7   Next: 90%
Magic:  7/7        EV:  7    Int: 14    God:    Xom [..*...]
Gold:   239        SH:  4    Dex: 10    Spells: 6/6 levels left

rFire    . . .     SeeInvis +   l - +0 war axe (curse)
rCold    + . .     Gourm    .   j - +0 buckler
rNeg     . . .     Faith    .   d - +0 chain mail
rPois    .         Spirit   .   (helmet unavailable)
rElec    .         Reflect  .   (no cloak)
rCorr    .         Harm     .   f - +0 pair of gloves
MR       .....                  (no boots)
Stlth    ..........             m - amulet of magic regeneration
HPRegen  0.18/turn              (no ring)
MPRegen  0.35/turn              (no ring)

@: no status effects
A: permanent stasis, dig shafts and tunnels, four strong arms, antennae 3, cold
resistance 1
a: Dig, Shaft Self, Renounce Religion


You were on level 5 of the Dungeon.
You worshipped Xom.
You were a toy of Xom.
You were not hungry.

You visited 1 branch of the dungeon, and saw 5 of its levels.

You collected 239 gold pieces.

Inventory:

Hand Weapons
 l - a cursed +0 war axe (weapon)
Armour
 d - a +0 chain mail (worn)
 f - a +0 pair of gloves (worn)
 j - a +0 buckler (worn)
Jewellery
 a - an uncursed ring of ice
 m - an amulet of magic regeneration (around neck)
 t - an uncursed ring of fire {unknown}
Wands
 o - a wand of digging (11)
Scrolls
 b - a scroll of remove curse {unknown}
 e - 2 scrolls of identify
 g - a scroll of immolation {unknown}
 k - a scroll of magic mapping {unknown}
 q - a scroll of fear
Potions
 h - a potion of lignification
 i - 2 potions of heal wounds
 n - a potion of curing {unknown}
 p - a potion of might
 r - a potion of ambrosia
 s - a potion of invisibility {unknown}
 u - a potion of flight {unknown}
Comestibles
 c - 7 rations


   Skills:
 + Level 4.7 Fighting
 + Level 7.0 Axes
 + Level 3.3 Armour
 - Level 0.8 Dodging
 - Level 3.3 Shields


You had 6 spell levels left.
You didn't know any spells.

Dungeon Overview and Level Annotations

Branches:
Dungeon (5/15)
 Temple: D:4-7

Altars:
Ashenzari
Elyvilon
Qazlal
Ru
Xom

Annotations:
D:4 VanClaymore's ghost, novice GrMo


Innate Abilities, Weirdness & Mutations

You cannot be hasted, slowed, berserked, paralysed or teleported.
You can dig through walls and to a lower floor.
Your four strong arms can wield two-handed weapons with a shield.
You have a pair of large antennae on your head. (SInv)
Your flesh is cold resistant. (rC+)


Message History

The orc priest closely misses you.
Your chain mail prevents you from hitting the orc priest.
The orc priest is almost dead.
You hit the orc priest.
The orc priest hits you but does no damage. x2
You slash the orc priest!
You kill the orc priest!
Your Axes skill increases to level 7!
You hit the orc priest but do no damage.
The orc priest barely misses you.
You hit the orc priest but do no damage.
The orc priest is severely wounded.
The orc priest calls down the wrath of Beogh upon you.
Beogh smites you!
Your chain mail prevents you from hitting the orc priest.
The orc priest is severely wounded.
The orc priest calls down the wrath of Beogh upon you.
Beogh smites you!
You die... "Huh?
Did I miss anything?"

#########.#########
................>..
#.#######.#.##########
#.# #.#...........
####.#######.#.##########
#####............#.#
......##.#########.#
....††#.........<#.#
......#..#######@#.#
......#........o)#.#
......##.###.......#
...................#
.....###.###.......#
.......#.# #......####
.....#.#.# ##..........
.....#.#.# #.#........
######.#.# #.#########


You could see an orc priest.

Vanquished Creatures
  A big kobold (D:4)
  A scorpion (D:5)
  A centaur zombie (D:5)
  A crimson imp (D:5)
  A hound (D:4)
  2 orc priests (D:5)
  An orc wizard (D:3)
  2 iguanas
  3 worker ants
  Robin (D:4)
  4 gnolls
  7 adders
  An adder skeleton (D:5)
  3 worms
  A dart slug (D:3)
  3 leopard geckos
  13 orcs
  11 bats
  A giant cockroach (D:1)
  14 goblins
  8 hobgoblins
  6 jackals
  10 kobolds
  2 quokkas
  A ball python (D:2)
  6 frilled lizards
  A quokka zombie (D:5)
  4 rats
110 creatures vanquished.

Vanquished Creatures (collateral kills)
  An adder (D:2)
  A giant cockroach (D:2)
  2 goblins (D:2)
  A hobgoblin (D:2)
  A jackal (D:2)
6 creatures vanquished.

Vanquished Creatures (others)
  An ooze (D:4)
1 creature vanquished.

Grand Total: 117 creatures vanquished

Notes
Turn   | Place    | Note
-------+----------+-------------------------------------------
     0 | D:1      | Kejsarherre the Formicid Chaos Knight began the quest for the Orb.
     0 | D:1      | Reached XP level 1. HP: 18/18 MP: 1/1
    71 | D:1      | Reached XP level 2. HP: 23/24 MP: 2/2
   202 | D:1      | Reached XP level 3. HP: 25/30 MP: 3/3
   208 | D:1      | XOM: mild Summ miscast
   295 | D:1      | XOM: noise
   410 | D:1      | XOM: harmless Tmut miscast
   460 | D:1      | XOM: mild Fire miscast
   609 | D:2      | XOM: stealth player
   613 | D:2      | Found a stormy altar of Qazlal.
   661 | D:2      | XOM: summons friendly white imp
   675 | D:2      | Reached skill level 1 in Shields
   679 | D:2      | Reached XP level 4. HP: 33/37 MP: 4/4
   716 | D:2      | Reached skill level 4 in Axes
   853 | D:2      | Reached XP level 5. HP: 15/42 MP: 5/5
  1045 | D:2      | XOM: polymorph adder -> kobold
  1188 | D:3      | Found a shattered altar of Ashenzari.
  1227 | D:3      | Found a sacrificial altar of Ru.
  1296 | D:3      | XOM: mild Chrm miscast
  1309 | D:3      | XOM: silly message
  1405 | D:3      | XOM: divination: magic mapping
  1650 | D:3      | Reached XP level 6. HP: 44/48 MP: 6/6
  1707 | D:3      | Reached skill level 5 in Axes
  1863 | D:4      | XOM: confusion (+ monsters)
  1874 | D:4      | XOM: summons 2 friendly demons
  1922 | D:4      | XOM: mild Ice miscast
  1936 | D:4      | XOM: divine lightning
  1999 | D:4      | Noticed VanClaymore's ghost (novice GrMo)
  2015 | D:4      | XOM: enchant monster (bad)
  2268 | D:4      | XOM: scenery: create altars
  2330 | D:4      | Noticed Robin
  2332 | D:4      | XOM: swap monsters
  2341 | D:4      | Killed Robin
  2375 | D:4      | Reached skill level 6 in Axes
  2445 | D:4      | Reached XP level 7. HP: 47/54 MP: 7/7
  2461 | D:4      | XOM: give mutation
  2461 | D:4      | Gained mutation: Your flesh is cold resistant. (rC+) [Xom's grace]
  2700 | D:5      | Entered Level 5 of the Dungeon
  2798 | D:5      | XOM: cleaving
  2867 | D:5      | Found a white marble altar of Elyvilon.
  2947 | D:5      | XOM: silly message
  3268 | D:4      | XOM: harmless Tloc miscast
  3283 | D:5      | Reached skill level 7 in Axes
  3285 | D:5      | Killed from afar by an orc priest

Skill      XL: |  1  2  3  4  5  6  7 |
---------------+----------------------+-----
Fighting       | 4 |  4.7
Shields        | 1 2 3 |  3.3
Axes           | 4 6 7 |  7.0
Armour         | 3 |  3.3
Dodging        | |  0.8

Action                   |  1- 3 |  4- 6 |  7- 9 || total
-------------------------+-------+-------+-------++-------
Melee: Hand axe          |    94 |   120 |       ||   214
       War axe           |       |    85 |    73 ||   158
 Abil: Dig               |       |       |     2 ||     2
  Use: Scroll            |       |     9 |       ||     9
       Potion            |       |       |     1 ||     1
 Stab: Petrified         |     1 |       |       ||     1
       Sleeping          |     1 |       |       ||     1
       Paralysed         |       |     2 |       ||     2
       Confused          |       |     1 |       ||     1
  Eat: Chunk             |       |     5 |     3 ||     8
Armor: Leather armour    |    43 |    44 |       ||    87
       Chain mail        |       |    36 |    41 ||    77
Dodge: Dodged            |    67 |    89 |    20 ||   176
Block: Buckler           |     4 |    24 |    16 ||    44
